 Dungeon Crawl Stone Soup version 0.30-a0-187-gd9c2deaf24 (webtiles) character file.

Game seed: 11440470458736093699

110 sleeves the Chopper (level 4, -3/36 (37) HPs)
             Began as a Hill Orc Reaver on Oct 3, 2022.
             Slain by a gnoll
             ... wielding a +0 club
              (6 damage)
             ... on level 2 of the Dungeon.
             The game lasted 00:02:41 (2058 turns).

sleeves the Chopper (Hill Orc Reaver)               Turns: 2058, Time: 00:02:41

HP:   -3/36 (37)    AC:  5    Str: 16    XL:     4   Next: 91%
MP:   4/6           EV:  9    Int: 13    God:
Gold: 172           SH:  6    Dex:  9    Spells: 5/6 levels left

rFire   + . .      SeeInvis .    r - +0 spear (freeze)
rCold   . . .      Faith    .    l - +0 kite shield
rNeg    . . .      Spirit   .    j - +2 leather armour {rF+}
rPois   .          Reflect  .    (no helmet)
rElec   .          Harm     .    (no cloak)
rCorr   .          Rampage  .    (no gloves)
Will    .....                    (no boots)
Stlth   +.........               (no amulet)
HPRegen 0.26/turn                (no ring)
MPRegen 0.10/turn                (no ring)

@: very slightly contaminated, lightly drained
A: no striking features
a: no special abilities


You were on level 2 of the Dungeon.
You visited 1 branch of the dungeon, and saw 3 of its levels.

You collected 172 gold pieces.

Inventory:

Hand Weapons
 a - a +0 hand axe
 r - a +0 spear of freezing (weapon)
   (You found it on level 2 of the Dungeon)
Missiles
 k - 6 poisoned darts
 s - 4 boomerangs
Armour
 j - a +2 leather armour of fire resistance (worn)
   (You found it on level 1 of the Dungeon)
 l - a +0 kite shield (worn)
   (You found it on level 2 of the Dungeon)
Scrolls
 e - a scroll of noise {unknown}
 g - 5 scrolls of identify {unknown}
 h - a scroll of fog {unknown}
 m - a scroll of immolation {unknown}
 p - a scroll of teleportation {unknown}
Potions
 b - a potion of haste {unknown}
 c - a potion of might {unknown}
 d - 2 potions of invisibility
 i - a potion of cancellation {unknown}
 n - a potion of resistance {unknown}
 o - 2 potions of curing {unknown}
 q - a potion of degeneration {unknown}


   Skills:
 + Level 2.9 Fighting
 + Level 6.5 Axes
 + Level 1.1 Armour
 - Level 1.5 Dodging
 + Level 1.1 Shields
 - Level 1.5 Spellcasting
 - Level 3.0 Conjurations


You had 5 spell levels left.
You knew the following spells:

 Your Spells              Type           Power      Damage    Failure   Level
a - Kiss of Death         Conj/Necr      16%        2d6       52%         1

Your spell library contained the following spells:

 Spells                   Type           Power      Damage    Failure   Level
 Momentum Strike          Conj/Tloc      8%         3d8       67%         2
 Dazzling Flash           Conj/Hex       8%         N/A       88%         3
 Hailstorm                Conj/Ice       4%         3d4       88%         3
 Call Canine Familiar     Summ           1%         N/A       98%         3
 Portal Projectile        Hex/Tloc       2%         N/A       98%         3
 Leda's Liquefaction      Hex/Erth       0%         N/A       100%        4
 Agony                    Necr           1%         N/A       100%        5
 Silence                  Hex/Air        0%         N/A       100%        5


Dungeon Overview and Level Annotations

Branches:
Dungeon (3/15)

Altars:


Message History

No target in view!
No target in view!
No target in view!
No target in view!
No target in view!
No target in view!
No target in view!
Things that are here:
a +0 club; a kobold corpse
Found 8 stones.
A bat comes into view.
A bat is nearby!
Found a fizzy clear potion.
The bat hits you. The bat closely misses you.
You hit the bat.
You kill the bat!
No target in view!
No target in view!
No target in view!
No target in view!
No target in view!
No target in view!
No target in view!
No target in view!
A hobgoblin comes into view.
The hobgoblin moves out of view.
c - a fizzy clear potion No target in view!
No target in view!
No target in view!
No target in view!
No target in view!
A hobgoblin is nearby!
A hobgoblin is nearby!
A hobgoblin is nearby!
Found a stone staircase leading down.
The hobgoblin closely misses you.
You closely miss the hobgoblin. The hobgoblin hits you.
You hit the hobgoblin.
You kill the hobgoblin!
You have reached level 2!
You now have 13 gold pieces.
d - a glowing sapphire potion
Found 4 stones.
e - a scroll labelled UJAKHE PAERIPT You see here 4 stones.
You pick up a book of the Senses and begin reading...
You add the spells Dazzling Flash, Agony and Silence to your library.
No target in view!
No target in view!
No target in view!
No target in view!
No target in view!
No target in view!
No target in view!
d - 2 glowing sapphire potions (gained 1)
f - a bubbling red potion A kobold comes into view.
It is wielding a +0 club.
The kobold shouts!
A kobold is nearby!
Found 5 stones.
You closely miss the kobold. The kobold hits you with a +0 club.
You slash the kobold!
You kill the kobold!
No target in view!
No target in view!
No target in view!
No target in view!
No target in view!
No target in view!
Okay, then.
Things that are here:
a +0 club; a kobold corpse A quokka comes into view.
You see here 10 gold pieces.
A quokka is nearby!
A quokka is nearby!
You miss the quokka. The quokka bites you.
You hit the quokka.
The quokka is severely wounded.
The quokka bites you but does no damage.
You closely miss the quokka.
The quokka is severely wounded.
The quokka closely misses you.
You hit the quokka.
You kill the quokka!
No target in view!
No target in view!
g - 2 scrolls labelled VELYIT XOEPN You now have 23 gold pieces (gained 10).
A jackal comes into view.
A jackal is nearby!
The jackal bites you but does no damage.
You closely miss the jackal. Your punch misses the jackal.
The jackal bites you.
You barely miss the jackal. The jackal bites you.
The jackal closely misses you.
You hit the jackal.
The jackal is lightly wounded.
The jackal closely misses you.
You hit the jackal.
The jackal is moderately wounded.
The jackal bites you but does no damage.
The jackal bites you.
You closely miss the jackal.
The jackal is moderately wounded.
The jackal closely misses you.
You barely miss the jackal.
The jackal is moderately wounded.
The jackal bites you but does no damage.
You closely miss the jackal.
The jackal is moderately wounded.
The jackal closely misses you. x2
You hit the jackal.
The jackal is heavily wounded.
The jackal barely misses you.
A jackal is nearby!
A jackal is nearby!
A jackal is nearby!
You hit the jackal but do no damage.
The jackal is heavily wounded.
The jackal bites you but does no damage.
The jackal bites you.
You hit the jackal.
You kill the jackal!
No target in view!
No target in view!
No target in view!
No target in view!
Found a stone staircase leading down.
A jackal and a kobold come into view.
The jackal barks!
The kobold shouts!
A jackal comes into view.
There are monsters nearby!
There is a stone staircase leading down here.
The kobold hits you but does no damage.
You barely miss the kobold. The kobold barely misses you.
The jackal barely misses you.
You barely miss the kobold. You closely miss the jackal.
A frilled lizard comes into view.
The kobold hits you but does no damage. The jackal closely misses you.
You miss the kobold. You closely miss the jackal.
The frilled lizard hisses angrily.
The jackal bites you but does no damage.
The kobold hits you but does no damage.
The jackal bites you but does no damage.
The jackal closely misses you.
You closely miss the kobold. You closely miss the jackal.
You hit the jackal but do no damage. The kobold barely misses you.
The jackal closely misses you. The jackal completely misses you.
You closely miss the kobold. You hit the jackal but do no damage.
You barely miss the jackal. The jackal bites you.
The jackal completely misses you. The kobold closely misses you.
The jackal bites you.
You barely miss the kobold. You miss the jackal. You hit the jackal.
The jackal bites you. The kobold hits you with a +0 dagger.
The jackal bites you.
The jackal bites you but does no damage.
You are too injured to fight recklessly!
You are too injured to fight recklessly!
You are too injured to fight recklessly!
You are too injured to fight recklessly!
You are too injured to fight recklessly!
You are too injured to fight recklessly!
You are too injured to fight recklessly!
You are too injured to fight recklessly!
You are too injured to fight recklessly!
You are too injured to fight recklessly!
You are too injured to fight recklessly!
You are too injured to fight recklessly!
You are too injured to fight recklessly!
The jackal attacks as you move away! The jackal barely misses you.
The kobold closely misses you.
The jackal bites you but does no damage.
The jackal attacks as you move away! The jackal bites you.
You hit the kobold.
You kill the kobold!
You barely miss the jackal.
The jackal is almost dead.
The jackal bites you but does no damage.
The jackal bites you.
You hit the jackal.
You kill the jackal!
Your Axes skill increases to level 5!
You slash the jackal!
You kill the jackal!
You miss the frilled lizard. The frilled lizard barely misses you.
You hit the frilled lizard but do no damage.
The frilled lizard barely misses you.
You hit the frilled lizard.
You kill the frilled lizard!
Things that are here:
a +0 dagger; a jackal corpse
h - a scroll labelled HUUTETEQUZ A hobgoblin comes into view.
The hobgoblin shouts!
A hobgoblin is nearby!
A hobgoblin is nearby!
You see here a glowing sapphire potion.
The hobgoblin closely misses you.
An endoplasm comes into view.
The endoplasm quivers.
You hit the hobgoblin but do no damage. The hobgoblin barely misses you.
You barely miss the hobgoblin. The hobgoblin barely misses you.
You hit the hobgoblin but do no damage. The hobgoblin hits you.
You hit the hobgoblin.
The hobgoblin is almost dead.
The hobgoblin hits you but does no damage.
You hit the hobgoblin.
You kill the hobgoblin!
An endoplasm is nearby!
An endoplasm is nearby!
An endoplasm is nearby!
The endoplasm barely misses you.
You see here a hobgoblin corpse.
You hit the endoplasm but do no damage. The endoplasm closely misses you.
You hit the endoplasm.
The endoplasm is severely wounded.
The endoplasm freezes you.
You are frozen.
You hit the endoplasm.
You kill the endoplasm!
No target in view!
No target in view!
No target in view!
d - 3 glowing sapphire potions (gained 1)
You see here a hobgoblin corpse.
You now have 39 gold pieces (gained 16).
i - a fuming grey potion
Found a dagger.
You see here a +2 leather armour of fire resistance.
No target in view!
j - a +2 leather armour of fire resistance You start removing your armour.
You continue taking off your +0 leather armour. x4
You finish taking off your +0 leather armour.
You start putting on your armour.
You continue putting on your +2 leather armour of fire resistance. x5
You finish putting on your +2 leather armour of fire resistance.
You feel resistant to fire.
You drop a +0 leather armour.
A rat comes into view.
A rat is nearby!
A rat is nearby!
A rat is nearby!
The rat bites you but does no damage.
You see here a +0 dagger.
You barely miss the rat. The rat bites you but does no damage.
You barely miss the rat. The rat bites you.
You hit the rat.
You kill the rat!
No target in view!
No target in view!
No target in view!
You see here a rat corpse.
You now have 49 gold pieces (gained 10).
A frilled lizard comes into view.
The frilled lizard hisses angrily.
A frilled lizard is nearby!
A frilled lizard is nearby!
The frilled lizard bites you but does no damage.
You hit the frilled lizard.
You kill the frilled lizard!
No target in view!
No target in view!
No target in view!
No target in view!
Found 3 poisoned darts.
You see here 3 poisoned darts.
A quokka and a frilled lizard come into view.
The frilled lizard hisses angrily.
There are monsters nearby!
The frilled lizard barely misses you.
You barely miss the frilled lizard.
The frilled lizard bites you but does no damage.
You closely miss the frilled lizard.
The frilled lizard bites you but does no damage.
You hit the frilled lizard.
The frilled lizard is heavily wounded.
The frilled lizard closely misses you.
You miss the frilled lizard.
The frilled lizard is heavily wounded.
The frilled lizard bites you but does no damage.
You closely miss the frilled lizard.
The frilled lizard is heavily wounded.
The frilled lizard bites you but does no damage.
You barely miss the frilled lizard.
The frilled lizard is heavily wounded.
The frilled lizard misses you.
You closely miss the frilled lizard.
The frilled lizard bites you but does no damage.
You hit the frilled lizard.
You kill the frilled lizard!
A quokka is nearby!
A quokka is nearby!
You hit the quokka.
The quokka is severely wounded.
The quokka closely misses you.
You closely miss the quokka.
The quokka is severely wounded.
The quokka barely misses you. The quokka bites you.
You hit the quokka.
You kill the quokka!
No target in view!
Found a stone staircase leading down.
Things that are here:
a +0 dagger; a jackal skeleton
b - a fizzy ruby potion No target in view!
No target in view!
No target in view!
No target in view!
No target in view!
k - 3 poisoned darts You see here a +0 club.
Key pressed, stopping explore.
You now have 57 gold pieces (gained 8).
You see here 4 stones.
You now have 61 gold pieces (gained 4).
A goblin comes into view. It is wielding a +0 club.
The goblin shouts!
A goblin is nearby!
A hobgoblin comes into view.
The hobgoblin shouts!
The goblin closely misses you.
You hit the goblin.
The goblin is heavily wounded.
The goblin hits you but does no damage.
You barely miss the goblin.
The goblin is heavily wounded.
You hit the hobgoblin. The hobgoblin closely misses you.
The goblin barely misses you.
You hit the goblin.
You kill the goblin!
You hit the hobgoblin. The hobgoblin hits you.
You hit the hobgoblin but do no damage.
The hobgoblin is almost dead.
The hobgoblin closely misses you.
You closely miss the hobgoblin.
The hobgoblin is almost dead.
The hobgoblin hits you but does no damage.
You closely miss the hobgoblin.
The hobgoblin is almost dead.
The hobgoblin closely misses you.
You hit the hobgoblin.
You kill the hobgoblin!
You have reached level 3!
Your experience leads to an increase in your attributes!
Increase (S)trength, (I)ntelligence, or (D)exterity?
You feel stronger. x2
Done exploring.
Done exploring.
Done exploring.
Done exploring.
No target in view!
(D) Dungeon
Where to? (? - help)
There is a stone staircase leading down here.
You climb downwards.
The adder hisses angrily. x2
Found 9 stones, a leather armour, a kite shield and a chain mail.
Found an escape hatch in the floor.
There is a stone staircase leading up here.
There are monsters nearby!
There are monsters nearby!
There are monsters nearby!
The adder bites you.
You are poisoned.
The adder poisons you!
You climb upwards.
You feel sick.
There is a stone staircase leading down here.
Casting: Kiss of Death (safe; 19% risk of failure)
Confirm with . or Enter, or press ? or * to list all spells.
Aiming: Kiss of Death (safe; 19% risk of failure)
Press: ? - help, Shift-Dir - straight line, f - adder
Aim: an adder (100% to hit)
The negative energy hits the adder!
The adder is drained!
You kill the adder!
You feel drained.
You feel sick.
You start resting.
You feel sick.
You are no longer poisoned.
You start resting.
Magic restored.
Unknown command.
You climb downwards.
The adder bites you but does no damage. The adder bites you.
There is a stone staircase leading up here.
Casting: Kiss of Death (safe; 19% risk of failure)
Confirm with . or Enter, or press ? or * to list all spells.
Aiming: Kiss of Death (safe; 19% risk of failure)
Press: ? - help, Shift-Dir - straight line, f - adder
Aim: an adder (100% to hit)
The negative energy hits the adder!
The adder is drained!
You kill the adder!
You feel drained.
Your Axes skill increases to level 6!
HP restored.
Magic restored.
A hobgoblin comes into view.
The hobgoblin shouts!
A hobgoblin is nearby!
A hobgoblin is nearby!
An adder comes into view.
The adder hisses angrily.
The hobgoblin hits you but does no damage.
You slash the hobgoblin!
You kill the hobgoblin!
You closely miss the adder. The adder bites you.
You hit the adder.
The adder is heavily wounded.
The adder bites you.
You hit the adder.
The adder is heavily wounded.
The adder closely misses you. The adder bites you.
You are poisoned.
The adder poisons you!
You hit the adder.
You kill the adder!
You feel sick.
You feel sick.
You feel sick.
You feel sick.
You feel sick.
You feel sick.
You are no longer poisoned.
You see here a +0 kite shield.
l - a +0 kite shield You start putting on your armour.
You continue putting on your +0 kite shield. x4
You finish putting on your +0 kite shield.
Found 6 stones.
You see here 6 stones.
You now have 71 gold pieces (gained 10).
Found a stone staircase leading down.
Found a stone staircase leading up.
There is a stone staircase leading up here.
You see here a +0 spear of freezing.
A worm comes into view.
A worm is nearby!
A worm is nearby!
A worm is nearby!
You barely miss the worm. The worm closely misses you.
You hit the worm but do no damage. The worm bites you.
You hit the worm.
The worm is lightly wounded.
You hit the worm.
The worm is lightly wounded.
You block the worm's attack.
You hit the worm.
The worm is moderately wounded.
You block the worm's attack.
You slash the worm!
The worm is severely wounded.
You slash the worm!
You kill the worm!
No target in view!
You now have 79 gold pieces (gained 8).
g - 5 scrolls labelled VELYIT XOEPN (gained 3)
Found an escape hatch in the ceiling.
You now have 88 gold pieces (gained 9).
An endoplasm comes into view.
The endoplasm quivers.
An endoplasm is nearby!
An endoplasm is nearby!
An endoplasm is nearby!
The endoplasm jiggles.
The endoplasm freezes you.
You are frozen.
You hit the endoplasm.
You kill the endoplasm!
You have reached level 4!
There is an escape hatch in the floor here.
Found a spear.
m - a scroll labelled LIAXAT ORU
n - a bubbling cyan potion An adder comes into view.
Found a dagger.
You block the adder's attack. The adder bites you but does no damage.
You hit the adder.
The adder is moderately wounded.
The adder closely misses you.
You barely miss the adder.
The adder is moderately wounded.
The adder bites you but does no damage. You block the adder's attack.
You hit the adder.
The adder is severely wounded.
The adder bites you but does no damage.
You barely miss the adder.
The adder is severely wounded.
The adder barely misses you. You block the adder's attack.
You miss the adder.
The adder is severely wounded.
The adder bites you but does no damage.
You barely miss the adder.
The adder is severely wounded.
The adder closely misses you. You block the adder's attack.
You closely miss the adder.
The adder is severely wounded.
The adder barely misses you.
You miss the adder.
The adder is severely wounded.
The adder bites you but does no damage. The adder completely misses you.
An adder is nearby!
An adder is nearby!
An adder is nearby!
You hit the adder but do no damage.
The adder is severely wounded.
The adder bites you.
You are poisoned.
The adder poisons you!
You hit the adder.
The adder is almost dead.
You feel sick. You block the adder's attack. The adder misses you.
You hit the adder.
The adder is almost dead.
You feel sick. The adder bites you.
You barely miss the adder.
The adder is almost dead.
You feel sick. You block the adder's attack.
The adder bites you but does no damage.
You slash the adder!
You kill the adder!
You feel sick.
You are too injured to fight recklessly!
You feel sick.
You feel sick.
You are no longer poisoned.
o - 2 orange potions
Found a scimitar.
Found 5 stones.
You now have 100 gold pieces (gained 12).
Found a stone staircase leading up.
A frilled lizard comes into view.
The frilled lizard hisses angrily.
You see here a +0 dagger.
A frilled lizard is nearby!
A frilled lizard is nearby!
A frilled lizard is nearby!
A frilled lizard is nearby!
Found a scroll labelled EXOUMM ETWEMIO.
A bat comes into view.
An adder comes into view.
Found a stone staircase leading down.
The adder hisses angrily.
You see here a +0 scimitar.
The bat closely misses you. The frilled lizard bites you.
You hit the frilled lizard.
You kill the frilled lizard!
You miss the bat. You block the bat's attack.
The bat hits you but does no damage.
You slash the adder!
The adder is severely wounded.
You barely miss the bat. The bat hits you but does no damage.
You block the adder's attack. The adder barely misses you.
You barely miss the adder.
The adder is severely wounded.
The bat barely misses you. The adder closely misses you.
You miss the adder.
The adder is severely wounded.
You miss the bat. The bat hits you but does no damage. The adder bites you.
You are poisoned.
The adder poisons you! The adder bites you but does no damage.
You hit the adder.
The adder is almost dead.
You feel sick. The bat closely misses you. The adder closely misses you.
You hit the adder.
You kill the adder!
You feel sick. The bat hits you but does no damage.
A bat is nearby!
A bat is nearby!
You feel sick. The bat hits you but does no damage.
You closely miss the bat.
You feel sick.
You are no longer poisoned.
The bat hits you but does no damage.
You barely miss the bat. You block the bat's attack.
You block the bat's attack.
You slash the bat!
You kill the bat!
No target in view!
No target in view!
No target in view!
No target in view!
No target in view!
No target in view!
p - a scroll labelled EXOUMM ETWEMIO
Found a scale mail.
You see here a +0 scale mail.
Found a stone staircase leading down.
q - a grey potion No target in view!
No target in view!
No target in view!
No target in view!
No target in view!
No target in view!
You now have 114 gold pieces (gained 14).
A worm comes into view.
The worm moves out of view.
A worm is nearby!
A worm is nearby!
You hit the worm but do no damage. The worm bites you.
You slash the worm!
The worm is heavily wounded.
You barely miss the worm.
The worm is heavily wounded.
The worm bites you.
You slash the worm!
The worm is severely wounded.
The worm barely misses you.
You hit the worm but do no damage.
The worm is severely wounded.
The worm bites you.
You slash the worm!
You kill the worm!
No target in view!
No target in view!
No target in view!
You see here a +0 dagger.
There is a stone staircase leading down here.
You now have 122 gold pieces (gained 8).
Key pressed, stopping explore.
Done exploring.
Done exploring.
No target in view!
Done exploring.
Done exploring.
Done exploring.
You see here a +0 spear of freezing.
Done exploring.
Done exploring.
(D) Dungeon
Where to? (Enter - D:2, ? - help)
There is a stone staircase leading up here.
There is a stone staircase leading down here.
You climb downwards.
There is a stone staircase leading up here.
Found a stone staircase leading down.
A bat comes into view.
There is a stone staircase leading down here.
You hit the bat.
The bat is moderately wounded.
You block the bat's attack. The bat barely misses you.
You block the bat's attack. You block the bat's attack.
The bat barely misses you.
You hit the bat.
You kill the bat!
No target in view!
A frilled lizard comes into view.
The frilled lizard hisses angrily.
A frilled lizard is nearby!
A frilled lizard is nearby!
You block the frilled lizard's attack.
You hit the frilled lizard.
You kill the frilled lizard!
No target in view!
No target in view!
No target in view!
No target in view!
No target in view!
You open the door.
There is an open door here.
Found 4 stones.
Found 5 stones.
A giant cockroach comes into view.
Found 3 stones.
You hit the giant cockroach but do no damage.
You block the giant cockroach's attack.
You hit the giant cockroach but do no damage.
The giant cockroach closely misses you. The giant cockroach bites you.
You hit the giant cockroach.
The giant cockroach is moderately wounded.
You block the giant cockroach's attack.
You closely miss the giant cockroach.
The giant cockroach is moderately wounded.
The giant cockroach closely misses you. You block the giant cockroach's attack.
You hit the giant cockroach.
You kill the giant cockroach!
No target in view!
No target in view!
No target in view!
An adder comes into view.
Found 4 stones and 20 gold pieces.
The adder hisses angrily.
An adder is nearby!
An adder is nearby!
The adder bites you.
You are poisoned.
The adder poisons you!
You see here 4 stones.
You slash the adder!
The adder is severely wounded.
You feel sick. The adder bites you but does no damage.
You barely miss the adder.
The adder is severely wounded.
You feel sick. The adder bites you but does no damage. The adder bites you.
You are more poisoned.
The adder poisons you!
You barely miss the adder.
The adder is severely wounded.
You feel very sick. The adder barely misses you.
You miss the adder.
The adder is severely wounded.
You feel sick. You block the adder's attack. The adder closely misses you.
You barely miss the adder.
The adder is severely wounded.
You feel sick. The adder bites you. The adder closely misses you.
You barely miss the adder.
The adder is heavily wounded.
You feel sick. You block the adder's attack.
You are too injured to fight recklessly!
You are too injured to fight recklessly!
You are too injured to fight recklessly!
You are too injured to fight recklessly!
You are too injured to fight recklessly!
You are too injured to fight recklessly!
You are too injured to fight recklessly!
You hit the adder but do no damage.
The adder is heavily wounded.
You feel sick. The adder bites you. The adder bites you but does no damage.
You hit the adder.
You kill the adder!
You feel sick.
You feel sick.
You are no longer poisoned.
You now have 130 gold pieces (gained 8).
Search for what [? for help]? spea You see here 4 stones.
You see here 4 stones.
There is an open door here.
There is a stone staircase leading up here.
HP restored.
You climb upwards.
There is a stone staircase leading down here.
There is a stone staircase leading up here.
You see here a +0 spear of freezing.
r - a +0 spear of freezing Your +0 spear of freezing glows with a cold blue light!
r - a +0 spear of freezing (weapon)
Done exploring.
Done exploring.
(D) Dungeon
Where to? (Enter - D:2 @ (x,y), ? - help)
There is a stone staircase leading up here.
There is a stone staircase leading down here.
You climb downwards.
There is a stone staircase leading up here.
Found a trident.
You see here a +0 trident.
You now have 145 gold pieces (gained 15).
An endoplasm comes into view.
The endoplasm quivers.
An endoplasm is nearby!
You reach to attack!
You hit the endoplasm. You freeze the endoplasm.
You kill the endoplasm!
Your Shields skill increases to level 1!
No target in view!
No target in view!
No target in view!
No target in view!
No target in view!
No target in view!
No target in view!
No target in view!
An adder comes into view.
An adder is nearby!
An adder is nearby!
You hit the adder.
The adder seems to slow down.
You freeze the adder.
The adder is heavily wounded.
The adder bites you but does no damage.
You completely miss the adder.
The adder is heavily wounded.
The adder is no longer moving slowly.
The adder closely misses you.
You hit the adder. You freeze the adder.
You kill the adder!
Your Armour skill increases to level 1!
No target in view!
No target in view!
No target in view!
No target in view!
No target in view!
HP restored.
You see here an adder corpse.
You open the door.
Found a leather armour.
Found an escape hatch in the ceiling.
There is an open door here.
No target in view!
No target in view!
No target in view!
No target in view!
No target in view!
No target in view!
No target in view!
You open the door.
Found a stone staircase leading down.
There is an open door here.
There is a stone staircase leading down here.
You open the door.
There is an open door here.
k - 6 poisoned darts (gained 3)
There is an open door here.
You see here a giant cockroach corpse.
You see here 3 stones.
Key pressed, stopping explore.
No target in view!
No target in view!
No target in view!
No target in view!
No target in view!
You now have 157 gold pieces (gained 12).
You pick up a book of the Hunter and begin reading...
You add the spells Call Canine Familiar, Portal Projectile and Leda's Liquefaction to your library.
You open the door.
Found a whip.
There is an open door here.
You see here a +0 whip.
s - 4 boomerangs
Found an escape hatch in the floor.
No target in view!
No target in view!
A giant cockroach comes into view.
You see here a +0 spear of freezing.
A giant cockroach is nearby!
You closely miss the giant cockroach. You block the giant cockroach's attack.
You closely miss the giant cockroach.
The giant cockroach bites you but does no damage.
You hit the giant cockroach but do no damage.
The giant cockroach bites you.
The giant cockroach completely misses you.
You closely miss the giant cockroach.
The giant cockroach bites you but does no damage.
You hit the giant cockroach. You freeze the giant cockroach.
You kill the giant cockroach!
No target in view!
No target in view!
No target in view!
You now have 172 gold pieces (gained 15).
You open the door.
There is an open door here.
You open the door.
A kobold comes into view. It is wielding a +0 short sword.
The kobold shouts!
You hear a shout!
A gnoll comes into view. It is wielding a +0 spear.
There is an open door here.
There are monsters nearby!
There are monsters nearby!
The gnoll shouts!
You hear an angry hiss.
A ball python comes into view.
A gnoll comes into view. It is wielding a +0 club.
The gnoll shouts!
An orc comes into view. It is wielding a +0 club.
Found 3 gold pieces.
The orc shouts!
A gnoll comes into view. It is wielding a +0 spear.
You reach to attack!
You hit the kobold. You freeze the kobold.
You kill the kobold!
A gnoll comes into view. It is wielding a +0 flail.
There is an open door here.
You reach to attack!
You closely miss the gnoll.
The gnoll hits you from afar with a +0 spear!
You hit the ball python but do no damage.
The ball python barely misses you. x2
You closely miss the ball python. The ball python barely misses you.
You block the ball python's attack.
The gnoll hits you from afar with a +0 spear.
The ball python bites you but does no damage.
You block the ball python's attack.
You are too injured to fight recklessly!
You are too injured to fight recklessly!
You are too injured to fight recklessly!
You hit the ball python. You freeze the ball python.
You kill the ball python!
You are too injured to fight recklessly!
Reach: r) +0 spear (freeze)
Press: ? - help, Dir - move target, f - orc, p - gnoll
Aim: an orc, wielding a +0 club and quivering stones (about 41% to evade your +0 spear of freezing)
You reach to attack!
You hit the orc. You freeze the orc.
The orc is heavily wounded.
The orc drinks a potion.
The orc is healed!
Reach: r) +0 spear (freeze)
Press: ? - help, Dir - move target, f/p - orc
Aim: an orc, wielding a +0 club and quivering stones (about 41% to evade your +0 spear of freezing)
You reach to attack!
You barely miss the orc.
The orc throws a stone.
You block the stone.
Reach: r) +0 spear (freeze)
Press: ? - help, Dir - move target, f/p - orc
Aim: an orc, wielding a +0 club and quivering stones (about 41% to evade your +0 spear of freezing)
You reach to attack!
You barely miss the orc. The orc hits you but does no damage.
Reach: r) +0 spear (freeze)
Press: ? - help, Dir - move target, f/p - orc
Aim: an orc, wielding a +0 club and quivering stones (about 41% to evade your +0 spear of freezing)
You hit the orc. You freeze the orc.
The orc is moderately wounded.
The orc hits you but does no damage.
Reach: r) +0 spear (freeze)
Press: ? - help, Dir - move target, f/p - orc
Aim: an orc, wielding a +0 club and quivering stones (moderately wounded, about 41% to evade your +0 spear of freezing)
You barely miss the orc.
The orc is moderately wounded.
The orc closely misses you.
Reach: r) +0 spear (freeze)
Press: ? - help, Dir - move target, f/p - orc
Aim: an orc, wielding a +0 club and quivering stones (moderately wounded, about 41% to evade your +0 spear of freezing)
You hit the orc. You freeze the orc.
You kill the orc!
Reach: r) +0 spear (freeze)
Press: ? - help, Dir - move target, f - gnoll
Aim: a gnoll, wielding a +0 club (about 37% to evade your +0 spear of freezing)
You hit the gnoll. You freeze the gnoll.
The gnoll is lightly wounded.
The gnoll closely misses you.
The gnoll hits you from afar with a +0 spear.
The gnoll attacks as you move away! The gnoll hits you but does no damage.
The gnoll attacks as you move away! The gnoll hits you but does no damage.
There is an open door here.
Reach: r) +0 spear (freeze)
Press: ? - help, Dir - move target, f/p - gnoll
Aim: a gnoll, wielding a +0 club (lightly wounded, about 37% to evade your +0 spear of freezing)
You closely miss the gnoll.
The gnoll is lightly wounded.
The gnoll hits you with a +0 club.
Reach: r) +0 spear (freeze)
Press: ? - help, Dir - move target, f/p - gnoll
Aim: a gnoll, wielding a +0 club (lightly wounded, about 37% to evade your +0 spear of freezing)
You closely miss the gnoll.
The gnoll is lightly wounded.
The gnoll hits you from afar with a +0 spear.
* * * LOW HITPOINT WARNING * * *
The gnoll hits you with a +0 club.
* * * LOW HITPOINT WARNING * * *
The gnoll hits you from afar with a +0 spear.
* * * LOW HITPOINT WARNING * * *
The gnoll completely misses you. The gnoll attacks as you move away!
The gnoll closely misses you.
There is an escape hatch in the floor here.
Okay, then.
You feel much better. You block the gnoll's attack. x2
You see here a giant cockroach corpse.
The gnoll attacks as you move away! The gnoll hits you with a +0 club.
The gnoll attacks as you move away! The gnoll barely misses you.
The gnoll attacks as you move away! The gnoll hits you with a +0 club.
The gnoll attacks as you move away! The gnoll hits you with a +0 club.
You see here a +0 whip.
There is an open door here.
The gnoll attacks as you move away! The gnoll hits you but does no damage.
The gnoll attacks as you move away! You block the gnoll's attack.
The gnoll attacks as you move away! The gnoll hits you with a +0 club!
The gnoll attacks as you move away! The gnoll hits you with a +0 club.
You see here 3 stones.
The gnoll attacks as you move away! The gnoll hits you with a +0 club.
The gnoll attacks as you move away! The gnoll hits you but does no damage.
The gnoll attacks as you move away! The gnoll hits you with a +0 club.
* * * LOW HITPOINT WARNING * * *
The gnoll attacks as you move away! The gnoll hits you with a +0 club.
* * * LOW HITPOINT WARNING * * *
The gnoll attacks as you move away! The gnoll hits you with a +0 club.
* * * LOW HITPOINT WARNING * * *
The gnoll attacks as you move away! The gnoll hits you with a +0 club.
* * * LOW HITPOINT WARNING * * *
It was a potion of invisibility.
You fade into invisibility!
The gnoll hits you but does no damage.
You hit the gnoll but do no damage. The gnoll hits you but does no damage.
The gnoll hits you from afar with a +0 spear.
* * * LOW HITPOINT WARNING * * *
There is an open door here.
You flicker for a moment.
There is an escape hatch in the ceiling here.
The gnoll hits you with a +0 club.
* * * LOW HITPOINT WARNING * * *
A mysterious force pulls you upwards. The hatch slams shut behind you.
You barely miss the gnoll. The gnoll closely misses you.
You hit the gnoll. You freeze the gnoll.
The gnoll is severely wounded.
You block the gnoll's attack.
You hit the gnoll. You freeze the gnoll.
The gnoll is almost dead.
The gnoll hits you with a +0 club.
* * * LOW HITPOINT WARNING * * *
You hit the gnoll but do no damage.
The gnoll is almost dead.
You flicker back into view.
You block the gnoll's attack.
Casting: Kiss of Death (safe; 52% risk of failure)
Confirm with . or Enter, or press ? or * to list all spells.
Aiming: Kiss of Death (safe; 52% risk of failure)
Press: ? - help, Shift-Dir - straight line, f - gnoll
Aim: a gnoll, wielding a +0 club (almost dead, 100% to hit)
You miscast Kiss of Death.
You are very lightly contaminated with residual magic.
Nothing appears to happen.
The gnoll hits you but does no damage.
Casting: Kiss of Death (safe; 52% risk of failure)
Confirm with . or Enter, or press ? or * to list all spells.
Aiming: Kiss of Death (safe; 52% risk of failure)
Press: ? - help, Shift-Dir - straight line, f/p - gnoll
Aim: a gnoll, wielding a +0 club (almost dead, 100% to hit)
You miscast Kiss of Death.
Nothing appears to happen.
The gnoll hits you with a +0 club.
You die...

#################
#......#........#
#......#........#
#.....@g........#
#...............#
##.......[.......#
###........(..>....#
#.......<....#.#####
#..........###.## ##
####..........#
#..## #.
#..........####
##..# #.
#####.##.......#
##.# ###.


You could see a gnoll.

Vanquished Creatures
  7 adders
  2 worms (D:2)
  An orc (D:3)
  A ball python (D:3)
  3 bats
  4 endoplasms
  2 giant cockroaches (D:3)
  A goblin (D:1)
  5 hobgoblins
  3 jackals (D:1)
  4 kobolds
  2 quokkas (D:1)
  5 frilled lizards
  A rat (D:1)
41 creatures vanquished.

Notes
Turn   | Place    | Note
-------+----------+-------------------------------------------
     0 | D:1      | sleeves the Hill Orc Reaver began the quest for the Orb.
     0 | D:1      | Reached XP level 1. HP: 18/18 MP: 3/3
   116 | D:1      | Reached XP level 2. HP: 24/25 MP: 4/4
   346 | D:1      | Reached skill level 5 in Axes
   930 | D:1      | Reached XP level 3. HP: 28/30 MP: 5/5
   972 | D:2      | Reached skill level 6 in Axes
   997 | D:2      | HP: 12/24 [poisoned by an adder]
  1158 | D:2      | Reached XP level 4. HP: 26/32 MP: 6/6
  1810 | D:3      | Reached skill level 1 in Shields
  1824 | D:3      | Reached skill level 1 in Armour
  1981 | D:3      | HP: 18/36 [gnoll/+0 spear (2)]
  2028 | D:3      | HP: 17/36 [gnoll/+0 club (4)]
  2033 | D:3      | HP: 8/36 [gnoll/+0 club (3)]
  2051 | D:3      | HP: 7/36 [gnoll/+0 club (1)]
  2055 | D:2      | HP: 2/36 [gnoll/+0 club (6)]
  2058 | D:2      | Slain by a gnoll

Illustrated notes

Levels and vault maps discovered:
D:1:      elethiomel_arrival_maze, layout_loops_ring, amethyst_killhole
D:2:      layout_rooms
D:3:      layout_basic

Skill      XL: |  1  2  3  4 |
---------------+-------------+-----
Axes           | 5 6 |  6.5
Shields        | 1 |  1.1
Armour         | 1 |  1.1
Fighting       | |  2.9
Dodging        | |  1.5
Spellcasting   | |  1.5
Conjurations   | |  3.0

Action                   |  1- 3 |  4- 6 || total
-------------------------+-------+-------++-------
Melee: Hand axe          |    85 |    44 ||   129
       Spear             |       |    28 ||    28
 Cast: Kiss of Death     |     2 |       ||     2
  Use: Potion            |       |     2 ||     2
Armor: Leather armour    |    27 |    29 ||    56
Dodge: Dodged            |    43 |    31 ||    74
Block: Kite shield       |     2 |    28 ||    30

Table legend: (Time is in decaauts)
 A = Elapsed time spent in this place.
 B = Non-inter-level travel time spent in this place.
 C = Inter-level travel time spent in this place.
 D = Time resting spent in this place.
 E = Time spent auto-exploring this place.
 F = Levels seen in this place.
 G = Mean time per level.
                   A        B        C        D        E       F      G
               +--------+--------+--------+--------+--------+-----+--------+
         Total |   2075 |   1985 |     90 |     10 |   1541 |   3 |  691.7 |
       Dungeon |   2075 |   1985 |     90 |     10 |   1541 |   3 |  691.7 |
               +--------+--------+--------+--------+--------+-----+--------+

Top non-repeatable levels by time:
     D:1: 970 daAuts
     D:2: 625 daAuts
     D:3: 479 daAuts
